 Dungeon Crawl Stone Soup version 0.16.1-11-g651b585 (webtiles) character file.

39 Magnus the Ducker (level 3, 0/28 HPs)
             Began as a Demonspawn Gladiator on Mar 30, 2015.
             Succumbed to an adder's poison
             ... on level 2 of the Dungeon.
             The game lasted 00:12:50 (1573 turns).

Magnus the Ducker (Demonspawn Gladiator)            Turns: 1573, Time: 00:12:51

Health: 0/28       AC:  4    Str: 16    XL:     3   Next: 26%
Magic:  3/3        EV: 12    Int:  9    God:
Gold:   102        SH:  3    Dex: 13    Spells: 0 memorised, 2 levels left

rFire  . . .     SeeInvis .     a - +1 long sword
rCold  . . .     Clarity  .     b - +0 leather armour
rNeg   . . .     SustAb   .     h - +0 buckler
rPois  .         Gourm    .     c - +0 helmet
rElec  .         Spirit   .     (no cloak)
rCorr  .         Warding  .     (no gloves)
rMut   .         Stasis   .     (no boots)
MR     .....                    (no amulet)
Stlth  +.........               (no ring)
                                (no ring)

@: lethally poisoned (0 -> -6), not resistant to hostile enchantments, very
unstealthy
A: powered by pain 1
a: no special abilities


You were on level 2 of the Dungeon.
You were not hungry.

You visited 1 branch of the dungeon, and saw 2 of its levels.

You collected 102 gold pieces.

Inventory:

Hand weapons
 a - a +1 long sword (weapon)
 g - a +2 dagger of venom
Missiles
 d - 3 throwing nets (quivered)
Armour
 b - a +0 leather armour (worn)
 c - a +0 helmet (worn)
 h - a +0 buckler (worn)
Jewellery
 o - an uncursed ring of ice
Scrolls
 e - a scroll of identify
Potions
 k - a potion of curing
Comestibles
 f - 2 bread rations
 i - 4 chunks of flesh


   Skills:
 + Level 2.3 Fighting
 + Level 0.0(1.7) Short Blades
 + Level 3.1 Long Blades
 + Level 2.0 Throwing
 - Level 0.1 Armour
 + Level 3.2 Dodging


You had 2 spell levels left.
You didn't know any spells.

Dungeon Overview and Level Annotations

Branches:
Dungeon (2/15)

Altars:


Innate Abilities, Weirdness & Mutations

You sometimes gain a little power by taking damage.


Message History

* * * LOW HITPOINT WARNING * * *
The goblin hits you.
* * * LOW HITPOINT WARNING * * *
The adder completely misses you.
You slash the adder!
You kill the adder!
* * * LOW HITPOINT WARNING * * *
You feel sick. The hobgoblin hits you.
* * * LOW HITPOINT WARNING * * *
The goblin hits you but does no damage.
You hit the hobgoblin.
You kill the hobgoblin!
The goblin unwields an uncursed club.
The goblin wields a hunting sling.
The goblin shoots a stone.
The stone hits you.
* * * LOW HITPOINT WARNING * * *
The hobgoblin misses you. The goblin hits you but does no damage.
The hobgoblin barely misses you. You block the goblin's attack.
A hobgoblin comes into view. 2 goblins come into view.
You die...

##.## ....#.# #...#.#
#..... #########...####
.>...#.........##
#..g...........
#..g(.......#
#..@##...##.#
#.g.##...##.#
......g.#..#......#
.##...###........#####
...g.. #..#..........####
...gg....##..............
..g..#.# #.....####.####
.. #. #.##### #.# . ...#
#.#


You could see 3 hobgoblins and 5 goblins.

Vanquished Creatures
  An adder (D:2)
  A giant gecko (D:1)
  An ooze (D:1)
  2 bats
  2 giant cockroaches
  6 hobgoblins
  2 giant newts
  5 goblins
  5 kobolds (D:1)
  3 rats (D:1)
28 creatures vanquished.

Notes
Turn   | Place    | Note
--------------------------------------------------------------
     0 | D:1      | Magnus, the Demonspawn Gladiator, began the quest for the Orb.
     0 | D:1      | Reached XP level 1. HP: 16/16 MP: 1/1
     0 | D:1      | Noticed a felid
     0 | D:1      | Noticed an octopode
     1 | D:1      | Noticed a draconian
     3 | D:1      | Noticed a gargoyle
     5 | D:1      | Noticed a formicid
     6 | D:1      | Noticed a formicid
     7 | D:1      | Noticed a formicid
     8 | D:1      | Noticed a draconian
    10 | D:1      | Noticed an ogre
    12 | D:1      | Noticed a centaur
    12 | D:1      | Noticed an octopode
    13 | D:1      | Noticed a felid
    16 | D:1      | Noticed a troll
    16 | D:1      | Noticed a dwarf
    16 | D:1      | Noticed a vampire
    18 | D:1      | Noticed an octopode
    18 | D:1      | Noticed an ogre
    19 | D:1      | Noticed a vine stalker
   430 | D:1      | Reached skill level 3 in Dodging
   746 | D:1      | Gained mutation: You sometimes gain a little power by taking damage. [demonic ancestry]
   746 | D:1      | Reached XP level 2. HP: 22/22 MP: 2/2
  1542 | D:2      | Reached XP level 3. HP: 25/27 MP: 3/3
  1572 | D:2      | HP: 1/28 [goblin/stone[Robin] (4)]
  1573 | D:2      | Succumbed to an adder's poison

Action                   || total
-------------------------++-------
Melee: Long sword        ||    89
  Use: Scroll            ||     4
       Potion            ||     3
  Eat: Meat ration       ||     1
